Diables vs Gangsters
Created - April 4, 2020 at 19:05
Goals
|
Diables |
2 |
1 |
3 |
6 |
Gangsters |
2 |
2 |
4 |
8 |
|
Shots
|
Diables |
11 |
7 |
20 |
38 |
Gangsters |
14 |
10 |
13 |
37 |
|
1st period
1. Gangsters , David Pope 22 (Richard Panik 58) at 3:19
2. Gangsters , Richard Panik 29 (Morgan Ellis 9) at 7:52
3. Diables , Max Domi 36 (Darroll Powe 32, Carl Gunnarsson 26) at 9:36
4. Diables , Darroll Powe 17 (Max Domi 55, Pavel Buchnevich 42) at 9:48
Penalties :
No Penalty
2nd period
5. Diables , Darroll Powe 18 (Max Domi 56, Pavel Buchnevich 43) at 5:26
6. Gangsters , David Pope 23 (Derrick Pouliot 18) at 9:19
7. Gangsters , Kevin Roy 16 (Brett Ponich 32, Richard Panik 59) at 15:22 (PP)
Penalties :
Brock McGinn (Alm) for Holding (Minor) at 15:08, Brock McGinn (Alm) for Hooking (Minor) at 17:24
3rd period
8. Gangsters , Devante Smith-Pelly 33 (Matt Delahey 39) at 1:01
9. Diables , Brock McGinn 35 (Will Butcher 50, Alex Tuch 12) at 3:21
10. Diables , Alex Tuch 11 (Will Butcher 51, Brock McGinn 42) at 3:33 (PP)
11. Diables , Frederik Gauthier 16 (Brock McGinn 43, Will Butcher 52) at 5:45
12. Gangsters , David Pope 24 (Jonas Brodin 24, Kevin Roy 16) at 8:18
13. Gangsters , Phillip Danault 10 (Devante Smith-Pelly 45, Adam Lowry 5) at 8:25
14. Gangsters , Devante Smith-Pelly 34 (Phillip Danault 17, Ryan Culkin 7) at 14:58
Penalties :
Matt Delahey (Bro) for Slashing (Minor) at 3:24, Richard Panik (Bro) for Close Hand On Puck (Minor) at 9:39, David Pope (Bro) for Holding (Minor) at 17:18
Goalie Stats
Mark Visentin (Alm), 29 saves from 37 shots - (0.784), L, 5-5-0, 60:00 minutes
Dustin Tokarski (Bro), 32 saves from 38 shots - (0.842), W, 28-22-3, 60:00 minutes
Players Stats for Diables
Player Name G A P +/- PIM S H SB GA TA FO MP PP MP PK MP
------------------------------------------------------------------------------------
Alex Tuch 1 1 2 2 0 2 0 0 1 1 1/1 16:58 2:32 0:00
Brandon Prust 0 0 0 -1 0 2 0 0 0 0 0/0 11:30 0:03 0:47
Brett Lernout 0 0 0 -1 0 0 0 0 0 0 0/0 6:22 0:00 0:00
Brock McGinn 1 2 3 2 4 6 2 0 0 1 0/1 17:16 2:32 0:00
C.J Suess 0 0 0 -2 0 0 2 0 0 0 0/0 7:56 0:00 0:00
Carl Gunnarsson 0 1 1 1 0 2 5 0 0 2 0/0 24:41 2:13 1:14
Chris Bigras 0 0 0 -1 0 0 0 0 0 0 0/0 9:48 0:00 0:00
Daniel Zaar 0 0 0 -1 0 2 0 1 1 0 0/0 10:17 0:00 0:00
Darroll Powe 2 1 3 -1 0 6 4 1 1 1 18/28 20:49 0:00 0:18
Eric Gustafsson 0 0 0 -1 0 0 0 0 0 0 0/0 7:36 0:00 1:14
Frederik Gauthier 1 0 1 2 0 2 0 0 0 0 7/15 17:28 1:32 1:14
Marc-André Bourdon 0 0 0 -1 0 0 0 1 0 1 0/0 13:18 1:54 0:59
Mark Jankowski 0 0 0 -2 0 3 2 0 0 0 2/3 9:23 0:03 0:41
Max Domi 1 2 3 -1 0 3 3 1 2 1 2/3 21:39 1:32 0:12
Mike Zigomanis 0 0 0 -1 0 1 1 0 0 0 6/8 12:43 2:32 0:00
Mikko Lehtonen 0 0 0 -2 0 1 2 1 0 0 0/1 10:19 0:03 1:14
Nikita Zadorov 0 0 0 -1 0 0 0 1 0 1 0/0 19:09 1:54 0:59
Pavel Buchnevich 0 2 2 -1 0 3 1 0 2 0 3/5 21:27 1:32 0:00
Will Butcher 0 3 3 1 0 5 3 0 1 1 0/0 23:27 2:13 0:00
Zac Leslie 0 0 0 -1 0 0 0 3 0 1 0/0 15:39 0:00 0:00
Players Stats for Gangsters
Player Name G A P +/- PIM S H SB GA TA FO MP PP MP PK MP
------------------------------------------------------------------------------------
Adam Lowry 0 1 1 0 0 0 0 0 0 0 6/13 15:57 0:55 0:26
Brett Ponich 0 1 1 1 0 1 3 0 2 1 0/0 26:24 1:30 2:32
Connor Chatam 0 0 0 0 0 0 0 0 0 0 0/0 2:47 0:01 0:00
David Pope 3 0 3 1 2 9 1 0 3 0 0/0 20:49 1:17 0:02
Derrick Pouliot 0 1 1 2 0 1 1 1 0 0 0/0 14:39 0:00 0:00
Devante Smith-Pelly 2 1 3 0 0 6 4 1 0 1 0/0 17:44 0:55 2:13
Jake Marchment 0 0 0 0 0 1 0 0 0 0 2/8 13:11 0:00 0:00
Jonas Brodin 0 1 1 -1 0 2 3 0 2 2 0/0 18:57 0:43 1:35
Julius Vahatalo 0 0 0 1 0 0 3 0 0 0 0/0 5:59 0:00 0:00
Kevin Roy 1 1 2 1 0 1 2 0 0 0 16/39 21:42 1:17 1:07
Matt Delahey 0 1 1 1 2 2 3 3 0 2 0/0 26:14 1:30 2:23
Morgan Ellis 0 1 1 -1 0 1 1 3 0 1 0/0 18:57 0:43 1:35
Phillip Danault 1 1 2 0 0 3 1 2 1 1 0/0 16:54 0:55 1:22
Richard Panik 1 2 3 2 2 9 3 1 2 0 1/3 25:26 1:17 1:04
Ryan Culkin 0 1 1 2 0 0 0 1 0 0 0/0 14:48 0:00 0:09
Samuel Blais 0 0 0 0 0 0 2 1 0 0 1/2 14:38 0:00 1:23
Sebastian Collberg 0 0 0 1 0 0 0 0 0 0 0/0 6:36 0:01 0:00
Stefan Noesen 0 0 0 0 0 1 1 1 0 0 0/0 14:08 0:01 0:37
3 Stars
1 - Devante Smith-Pelly (Bro)
2 - David Pope (Bro)
3 - Richard Panik (Bro)
Power Play
Diables - 1 on 3 Attempt(s) - 33.33%
Gangsters - 1 on 2 Attempt(s) - 50.00%
Penalty Kill
Diables - 1 on 2 Attempt(s) - 50.00%
- Score 0 goal in Penalty Kill
Gangsters - 2 on 3 Attempt(s) - 66.67%
- Score 0 goal in Penalty Kill
Team Stat
Diables - Hits : 25 - Faceoff Wins : 39 - Blocked Shots : 9 - Penalty Minutes : 4
Gangsters - Hits : 28 - Faceoff Wins : 26 - Blocked Shots : 14 - Penalty Minutes : 6
Official
Referees : Unknown
Linesman : Unknown
Game Notes
David Pope has scored a Hat Trick!
Finance
Level 1 -- Attendance: 1333 (66.65%) -- Ticket Income $53,320
Level 2 -- Attendance: 724 (72.40%) -- Ticket Income $14,480
Total Attendance: 2057 (68.57%)
Total Ticket Income: $67,800
Other Income: $3,390
Total Income: $71,190
Diables
5 vs 5 Forward
Center Left Wing Right Wing Time % Phy DF OF
1 Darroll Powe Max Domi Pavel Buchnevich 40 1 2 2
2 Frederik Gauthier Brock McGinn Alex Tuch 30 1 2 2
3 Mike Zigomanis Brandon Prust Daniel Zaar 20 1 2 2
4 Mark Jankowski C.J Suess Mikko Lehtonen 10 1 2 2
5 vs 5 Defense
Defense Defense Time % Phy DF OF
1 Carl Gunnarsson Will Butcher 40 1 2 2
2 Zac Leslie Nikita Zadorov 30 1 2 2
3 Chris Bigras Marc-André Bourdon 20 1 2 2
4 Brett Lernout Eric Gustafsson 10 1 2 2
PowerPlay Forward
Center Left Wing Right Wing Time % Phy DF OF
1 Mike Zigomanis Brock McGinn Alex Tuch 60 1 2 2
2 Frederik Gauthier Max Domi Pavel Buchnevich 40 1 2 2
PowerPlay Defense
Defense Defense Time % Phy DF OF
1 Carl Gunnarsson Will Butcher 60 1 2 2
2 Nikita Zadorov Marc-André Bourdon 40 1 2 2
Penalty Kill 4 Players Forward
Center Wing Time % Phy DF OF
1 Frederik Gauthier Mikko Lehtonen 60 1 2 2
2 Darroll Powe Brandon Prust 40 1 2 2
Penalty Kill 4 Players Defense
Defense Defense Time % Phy DF OF
1 Carl Gunnarsson Eric Gustafsson 60 1 2 2
2 Nikita Zadorov Marc-André Bourdon 40 1 2 2
Penalty Kill - 3 Players Forward
Forward Time % Phy DF OF
1 Darroll Powe 60 1 2 2
2 Frederik Gauthier 40 1 2 2
Penalty Kill - 3 Players Defense
Defense Defense Time % Phy DF OF
1 Carl Gunnarsson Eric Gustafsson 60 1 2 2
2 Zac Leslie Nikita Zadorov 40 1 2 2
4 vs 4 Forward
Center Wing Time % Phy DF OF
1 Mike Zigomanis Pavel Buchnevich 60 1 2 2
2 Frederik Gauthier Brock McGinn 40 1 2 2
4 vs 4 Defense
Defense Defense Time % Phy DF OF
1 Will Butcher Eric Gustafsson 60 1 2 2
2 Zac Leslie Marc-André Bourdon 40 1 2 2
Last Minutes Offensive
Center Left Wing Right Wing Defense Defense
Darroll Powe Max Domi Pavel Buchnevich Carl Gunnarsson Will Butcher
Last Minutes Defensive
Center Left Wing Right Wing Defense Defense
Frederik Gauthier Brock McGinn Mikko Lehtonen Carl Gunnarsson Eric Gustafsson
Goaltenders
Starting : Mark Visentin
Backup : Alex Nedeljkovic
Extra Forwards
Normal : Max Domi, Mark Jankowski, Frederik Gauthier - PP : Max Domi, Mark Jankowski - PK : Frederik Gauthier
Extra Defensemen
Normal : Nikita Zadorov, Brett Lernout, Will Butcher - PP : Chris Bigras - PK : Brett Lernout, Zac Leslie
Penalty Shots
Darroll Powe, Pavel Buchnevich, Brock McGinn, Brandon Prust, Alex Tuch
Scratches
Louis Leblanc (Healthy), Stephen Harper (Healthy), Emil Djuse (Healthy), Christian Thomas (Healthy), Cole Cassels (Healthy)
Jeremy Gregoire (Healthy), Connor Hurley (Healthy), Gustav Olofsson (Healthy), Andreas Johnsson (Healthy), Brett Ritchie (Healthy)
Anders Bjork (Healthy), Hunter Smith (Healthy), Jack Campbell (Healthy)
Gangsters
5 vs 5 Forward
Center Left Wing Right Wing Time % Phy DF OF
1 Kevin Roy David Pope Richard Panik 40 1 2 2
2 Adam Lowry Phillip Danault Devante Smith-Pelly 30 1 2 2
3 Jake Marchment Samuel Blais Stefan Noesen 20 1 2 2
4 Richard Panik Julius Vahatalo Sebastian Collberg 10 1 2 2
5 vs 5 Defense
Defense Defense Time % Phy DF OF
1 Matt Delahey Brett Ponich 40 1 2 2
2 Morgan Ellis Jonas Brodin 30 1 2 2
3 Derrick Pouliot Ryan Culkin 20 1 2 2
4 Matt Delahey Brett Ponich 10 1 2 2
PowerPlay Forward
Center Left Wing Right Wing Time % Phy DF OF
1 Kevin Roy David Pope Richard Panik 60 1 2 2
2 Adam Lowry Phillip Danault Devante Smith-Pelly 40 1 2 2
PowerPlay Defense
Defense Defense Time % Phy DF OF
1 Matt Delahey Brett Ponich 60 1 2 2
2 Morgan Ellis Jonas Brodin 40 1 2 2
Penalty Kill 4 Players Forward
Center Wing Time % Phy DF OF
1 Richard Panik Devante Smith-Pelly 60 1 2 2
2 Stefan Noesen David Pope 40 1 2 2
Penalty Kill 4 Players Defense
Defense Defense Time % Phy DF OF
1 Matt Delahey Brett Ponich 60 1 2 2
2 Morgan Ellis Jonas Brodin 40 1 2 2
Penalty Kill - 3 Players Forward
Forward Time % Phy DF OF
1 Richard Panik 60 1 2 2
2 Devante Smith-Pelly 40 1 2 2
Penalty Kill - 3 Players Defense
Defense Defense Time % Phy DF OF
1 Matt Delahey Brett Ponich 60 1 2 2
2 Morgan Ellis Jonas Brodin 40 1 2 2
4 vs 4 Forward
Center Wing Time % Phy DF OF
1 Richard Panik Devante Smith-Pelly 60 1 2 2
2 Stefan Noesen David Pope 40 1 2 2
4 vs 4 Defense
Defense Defense Time % Phy DF OF
1 Matt Delahey Brett Ponich 60 1 2 2
2 Morgan Ellis Jonas Brodin 40 1 2 2
Last Minutes Offensive
Center Left Wing Right Wing Defense Defense
Kevin Roy David Pope Richard Panik Matt Delahey Brett Ponich
Last Minutes Defensive
Center Left Wing Right Wing Defense Defense
Kevin Roy David Pope Richard Panik Matt Delahey Brett Ponich
Goaltenders
Starting : Dustin Tokarski
Backup : Jordan Binnington
Extra Forwards
Normal : Connor Chatam, Sebastian Collberg, Samuel Blais - PP : Connor Chatam, Sebastian Collberg - PK : Samuel Blais
Extra Defensemen
Normal : Derrick Pouliot, Ryan Culkin, Morgan Ellis - PP : Derrick Pouliot - PK : Ryan Culkin, Morgan Ellis
Penalty Shots
Richard Panik, Devante Smith-Pelly, Stefan Noesen, David Pope, Phillip Danault
Scratches
Jordan Subban (Healthy), Steven Santini (Healthy), Joshua Jacobs (Healthy), Jacob Middleton (Healthy), Dave Dziurzynski (Right Hand Injury)
Hugo Fagerblom (Healthy)
% Time on Ice - Diables
Lines # - Real PCT - Wanted PCT - Time Play
Normal Forward
1 - 39% - 40% - 20:46
2 - 27% - 30% - 14:41
3 - 19% - 20% - 10:17
4 - 15% - 10% - 7:56
Normal Defense
1 - 40% - 40% - 21:14
2 - 30% - 30% - 16:16
3 - 18% - 20% - 9:48
4 - 12% - 10% - 6:22
PP Forward
1 - 62% - 60% - 2:32
2 - 38% - 40% - 1:35
PP Defense
1 - 54% - 60% - 2:13
2 - 46% - 40% - 1:54
PK Forward
1 - 91% - 60% - 2:01
2 - 9% - 40% - 0:12
PK Defense
1 - 56% - 60% - 1:14
2 - 44% - 40% - 0:59
PK3 Forward
1 - 0% - 60%
2 - 0% - 40%
PK3 Defense
1 - 0% - 60%
2 - 0% - 40%
44 Forward
1 - 0% - 60%
2 - 0% - 40%
44 Defense
1 - 0% - 60%
2 - 0% - 40%
Last Minute Offensive - 0:00
Last Minute Defensive - 0:00
Total
Forward - 60:00
Defense - 60:00
|
% Time on Ice - Gangsters
Lines # - Real PCT - Wanted PCT - Time Play
Normal Forward
1 - 37% - 40% - 19:54
2 - 27% - 30% - 14:36
3 - 25% - 20% - 13:11
4 - 11% - 10% - 5:59
Normal Defense
1 - 36% - 40% - 19:18
2 - 31% - 30% - 16:39
3 - 27% - 20% - 14:39
4 - 6% - 10% - 3:04
PP Forward
1 - 59% - 60% - 1:18
2 - 41% - 40% - 0:55
PP Defense
1 - 68% - 60% - 1:30
2 - 32% - 40% - 0:43
PK Forward
1 - 85% - 60% - 3:30
2 - 15% - 40% - 0:37
PK Defense
1 - 62% - 60% - 2:32
2 - 38% - 40% - 1:35
PK3 Forward
1 - 0% - 60%
2 - 0% - 40%
PK3 Defense
1 - 0% - 60%
2 - 0% - 40%
44 Forward
1 - 0% - 60%
2 - 0% - 40%
44 Defense
1 - 0% - 60%
2 - 0% - 40%
Last Minute Offensive - 0:00
Last Minute Defensive - 0:00
Total
Forward - 60:00
Defense - 60:00
|
Play-by-Play
1st period
0:01 of 1st period - Darroll Powe wins face-off versus Kevin Roy in neutral zone.
0:33 of 1st period - Jonas Brodin is hit by Carl Gunnarsson and loses puck.
1:11 of 1st period - Wrist shot by Mikko Lehtonen.
1:11 of 1st period - Shot Hit the Post.
1:31 of 1st period - Snap shot by Pavel Buchnevich.
1:31 of 1st period - Stopped by Dustin Tokarski with a rebound.
1:33 of 1st period - Slapshot by Will Butcher.
1:33 of 1st period - Stopped by Dustin Tokarski with a rebound.
1:35 of 1st period - Wrist shot by Darroll Powe.
1:35 of 1st period - Stopped by Dustin Tokarski without a rebound.
1:36 of 1st period - Adam Lowry wins face-off versus Darroll Powe in Gangsters zone.
1:43 of 1st period - Snap shot by Devante Smith-Pelly.
1:43 of 1st period - Shot Misses the Net.
1:45 of 1st period - Slapshot by Brett Ponich.
1:45 of 1st period - Shot Blocked by Zac Leslie.
1:47 of 1st period - Wrist shot by Matt Delahey.
1:47 of 1st period - Shot Blocked by Nikita Zadorov.
1:49 of 1st period - Snap shot by Phillip Danault.
1:49 of 1st period - Stopped by Mark Visentin without a rebound.
1:50 of 1st period - Frederik Gauthier wins face-off versus Kevin Roy in Diables zone.
2:12 of 1st period - Icing by Chris Bigras.
2:13 of 1st period - Frederik Gauthier wins face-off versus Jake Marchment in Diables zone.
2:26 of 1st period - Snap shot by Brandon Prust.
2:26 of 1st period - Stopped by Dustin Tokarski without a rebound.
2:27 of 1st period - Kevin Roy wins face-off versus Darroll Powe in Gangsters zone.
2:55 of 1st period - Icing by Brett Ponich.
2:56 of 1st period - Mike Zigomanis wins face-off versus Adam Lowry in Gangsters zone.
3:07 of 1st period - Slapshot by Devante Smith-Pelly.
3:07 of 1st period - Shot Misses the Net.
3:09 of 1st period - Snap shot by Devante Smith-Pelly.
3:09 of 1st period - Stopped by Mark Visentin without a rebound.
3:10 of 1st period - Darroll Powe wins face-off versus Kevin Roy in Diables zone.
3:19 of 1st period - Snap shot by David Pope.
3:19 of 1st period - Goal by David Pope - Diables : 0 - Gangsters : 1.
3:20 of 1st period - Frederik Gauthier wins face-off versus Jake Marchment in neutral zone.
4:10 of 1st period - Matt Delahey is hit by Mark Jankowski and loses puck.
4:15 of 1st period - Slapshot by Mark Jankowski.
4:15 of 1st period - Stopped by Dustin Tokarski without a rebound.
4:16 of 1st period - Richard Panik wins face-off versus Frederik Gauthier in Gangsters zone.
4:46 of 1st period - Backhand shot by Derrick Pouliot.
4:46 of 1st period - Shot Blocked by Darroll Powe.
4:58 of 1st period - Darroll Powe is hit by Phillip Danault and loses puck.
6:32 of 1st period - Wrist shot by Pavel Buchnevich.
6:32 of 1st period - Shot Misses the Net.
6:56 of 1st period - Snap shot by David Pope.
6:56 of 1st period - Stopped by Mark Visentin with a rebound.
7:31 of 1st period - Daniel Zaar is hit by Matt Delahey and loses puck.
7:45 of 1st period - Carl Gunnarsson is hit by Julius Vahatalo and loses puck.
7:52 of 1st period - Snap shot by Richard Panik.
7:52 of 1st period - Goal by Richard Panik - Diables : 0 - Gangsters : 2.
7:53 of 1st period - Darroll Powe wins face-off versus Kevin Roy in neutral zone.
8:23 of 1st period - Brock McGinn is hit by Devante Smith-Pelly and loses puck.
8:40 of 1st period - Snap shot by Mikko Lehtonen.
8:40 of 1st period - Shot Misses the Net.
8:42 of 1st period - Slapshot by Mark Jankowski.
8:42 of 1st period - Stopped by Dustin Tokarski without a rebound.
8:43 of 1st period - Kevin Roy wins face-off versus Mark Jankowski in Gangsters zone.
9:15 of 1st period - Snap shot by Max Domi.
9:15 of 1st period - Stopped by Dustin Tokarski without a rebound.
9:16 of 1st period - Adam Lowry wins face-off versus Pavel Buchnevich in Gangsters zone.
9:16 of 1st period - Adam Lowry is hit by Darroll Powe.
9:30 of 1st period - Snap shot by Max Domi.
9:30 of 1st period - Shot Misses the Net.
9:36 of 1st period - Wrist shot by Max Domi.
9:36 of 1st period - Goal by Max Domi - Diables : 1 - Gangsters : 2.
9:37 of 1st period - Pavel Buchnevich wins face-off versus Kevin Roy in neutral zone.
9:48 of 1st period - Wrist shot by Max Domi.
9:48 of 1st period - Deflect By Darroll Powe.
9:48 of 1st period - Goal by Darroll Powe - Diables : 2 - Gangsters : 2.
9:49 of 1st period - Kevin Roy wins face-off versus Frederik Gauthier in neutral zone.
10:39 of 1st period - Carl Gunnarsson is hit by Julius Vahatalo and loses puck.
11:02 of 1st period - Snap shot by Devante Smith-Pelly.
11:02 of 1st period - Shot Misses the Net.
12:12 of 1st period - Chris Bigras is hit by Matt Delahey and loses puck.
12:49 of 1st period - Snap shot by Pavel Buchnevich.
12:49 of 1st period - Shot Misses the Net.
12:51 of 1st period - Wrist shot by Pavel Buchnevich.
12:51 of 1st period - Shot Blocked by Derrick Pouliot.
12:53 of 1st period - Snap shot by Darroll Powe.
12:53 of 1st period - Shot Blocked by Phillip Danault.
13:15 of 1st period - Snap shot by Mike Zigomanis.
13:15 of 1st period - Shot Misses the Net.
13:31 of 1st period - Backhand shot by Frederik Gauthier.
13:31 of 1st period - Shot Misses the Net.
13:33 of 1st period - Snap shot by Nikita Zadorov.
13:33 of 1st period - Shot Misses the Net.
13:52 of 1st period - Slapshot by Stefan Noesen.
13:52 of 1st period - Stopped by Mark Visentin with a rebound.
14:56 of 1st period - Wrist shot by Pavel Buchnevich.
14:56 of 1st period - Stopped by Dustin Tokarski without a rebound.
14:57 of 1st period - Kevin Roy wins face-off versus Darroll Powe in Gangsters zone.
15:12 of 1st period - David Pope is hit by Darroll Powe.
15:13 of 1st period - Icing by David Pope.
15:14 of 1st period - Kevin Roy wins face-off versus Frederik Gauthier in Gangsters zone.
15:29 of 1st period - Frederik Gauthier is hit by Kevin Roy and loses puck.
15:36 of 1st period - Wrist shot by David Pope.
15:36 of 1st period - Stopped by Mark Visentin with a rebound.
15:38 of 1st period - Slapshot by Morgan Ellis.
15:38 of 1st period - Stopped by Mark Visentin with a rebound.
15:40 of 1st period - Wrist shot by David Pope.
15:40 of 1st period - Stopped by Mark Visentin without a rebound.
15:41 of 1st period - Darroll Powe wins face-off versus Adam Lowry in Diables zone.
15:46 of 1st period - Phillip Danault is hit by Carl Gunnarsson and loses puck.
16:42 of 1st period - Slapshot by Derrick Pouliot.
16:42 of 1st period - Stopped by Mark Visentin without a rebound.
16:43 of 1st period - Darroll Powe wins face-off versus Adam Lowry in Diables zone.
16:48 of 1st period - Slapshot by Brett Ponich.
16:48 of 1st period - Shot Blocked by Zac Leslie.
16:50 of 1st period - Wrist shot by Brett Ponich.
16:50 of 1st period - Stopped by Mark Visentin with a rebound.
16:52 of 1st period - Snap shot by Devante Smith-Pelly.
16:52 of 1st period - Stopped by Mark Visentin with a rebound.
16:54 of 1st period - Slapshot by Brett Ponich.
16:54 of 1st period - Shot Misses the Net.
17:45 of 1st period - Slapshot by Brock McGinn.
17:45 of 1st period - Stopped by Dustin Tokarski with a rebound.
18:10 of 1st period - Snap shot by Phillip Danault.
18:10 of 1st period - Stopped by Mark Visentin without a rebound.
18:11 of 1st period - Alex Tuch wins face-off versus Jake Marchment in Diables zone.
18:36 of 1st period - Jake Marchment is hit by C.J Suess and loses puck.
18:48 of 1st period - Icing by Mikko Lehtonen.
18:49 of 1st period - Kevin Roy wins face-off versus Mikko Lehtonen in Diables zone.
18:56 of 1st period - Wrist shot by David Pope.
18:56 of 1st period - Deflect By Carl Gunnarsson.
18:56 of 1st period - Shot Misses the Net.
18:56 of 1st period - Puck is out of play.
18:57 of 1st period - Max Domi wins face-off versus Kevin Roy in Diables zone.
19:19 of 1st period - Snap shot by David Pope.
19:19 of 1st period - Stopped by Mark Visentin with a rebound.
19:29 of 1st period - Snap shot by David Pope.
19:29 of 1st period - Shot Misses the Net.
Goals for this period are 2 for Diables vs 2 for Gangsters.
Shots for this period are 11 for Diables vs 14 for Gangsters.
2nd period
0:01 of 2nd period - Darroll Powe wins face-off versus Kevin Roy in neutral zone.
0:34 of 2nd period - Wrist shot by Frederik Gauthier.
0:34 of 2nd period - Shot Blocked by Matt Delahey.
0:36 of 2nd period - Wrist shot by Frederik Gauthier.
0:36 of 2nd period - Deflect By Brock McGinn.
0:36 of 2nd period - Stopped by Dustin Tokarski with a rebound.
0:38 of 2nd period - Slapshot by Carl Gunnarsson.
0:38 of 2nd period - Stopped by Dustin Tokarski without a rebound.
0:39 of 2nd period - Mike Zigomanis wins face-off versus Kevin Roy in Gangsters zone.
0:40 of 2nd period - Slapshot by Brandon Prust.
0:40 of 2nd period - Shot Misses the Net.
1:04 of 2nd period - Eric Gustafsson is hit by Devante Smith-Pelly and loses puck.
1:11 of 2nd period - Snap shot by Phillip Danault.
1:11 of 2nd period - Deflect By Devante Smith-Pelly.
1:11 of 2nd period - Shot Blocked by Max Domi.
1:11 of 2nd period - Puck is out of play.
1:12 of 2nd period - Darroll Powe wins face-off versus Kevin Roy in Diables zone.
1:25 of 2nd period - Wrist shot by Richard Panik.
1:25 of 2nd period - Stopped by Mark Visentin with a rebound.
1:27 of 2nd period - Snap shot by Kevin Roy.
1:27 of 2nd period - Shot Hit the Post.
2:08 of 2nd period - Slapshot by Jonas Brodin.
2:08 of 2nd period - Shot Blocked by Daniel Zaar.
2:10 of 2nd period - Snap shot by Morgan Ellis.
2:10 of 2nd period - Shot Blocked by Zac Leslie.
2:41 of 2nd period - David Pope is hit by Darroll Powe and loses puck.
3:26 of 2nd period - Icing by Jake Marchment.
3:27 of 2nd period - Mike Zigomanis wins face-off versus Jake Marchment in Gangsters zone.
3:52 of 2nd period - Jake Marchment is hit by Carl Gunnarsson and loses puck.
4:01 of 2nd period - Wrist shot by Brock McGinn.
4:01 of 2nd period - Shot Blocked by Ryan Culkin.
4:03 of 2nd period - Slapshot by Frederik Gauthier.
4:03 of 2nd period - Shot Misses the Net.
4:05 of 2nd period - Slapshot by Marc-André Bourdon.
4:05 of 2nd period - Deflect By Brock McGinn.
4:05 of 2nd period - Stopped by Dustin Tokarski with a rebound.
4:58 of 2nd period - Wrist shot by Brock McGinn.
4:58 of 2nd period - Shot Misses the Net.
5:08 of 2nd period - Snap shot by Richard Panik.
5:08 of 2nd period - Stopped by Mark Visentin with a rebound.
5:10 of 2nd period - Snap shot by Richard Panik.
5:10 of 2nd period - Stopped by Mark Visentin without a rebound.
5:11 of 2nd period - Darroll Powe wins face-off versus Adam Lowry in Diables zone.
5:24 of 2nd period - Snap shot by Max Domi.
5:24 of 2nd period - Shot Blocked by Morgan Ellis.
5:26 of 2nd period - Backhand shot by Darroll Powe.
5:26 of 2nd period - Goal by Darroll Powe - Diables : 3 - Gangsters : 2.
5:27 of 2nd period - Kevin Roy wins face-off versus Darroll Powe in neutral zone.
5:42 of 2nd period - Will Butcher is hit by Brett Ponich.
5:46 of 2nd period - Richard Panik is hit by Max Domi and loses puck.
6:41 of 2nd period - Snap shot by Mikko Lehtonen.
6:41 of 2nd period - Shot Blocked by Morgan Ellis.
8:19 of 2nd period - Daniel Zaar is hit by Jonas Brodin and loses puck.
8:40 of 2nd period - Nikita Zadorov is hit by Julius Vahatalo and loses puck.
9:15 of 2nd period - Wrist shot by David Pope.
9:15 of 2nd period - Shot Misses the Net.
9:17 of 2nd period - Slapshot by Derrick Pouliot.
9:17 of 2nd period - Shot Blocked by Mikko Lehtonen.
9:19 of 2nd period - Slapshot by David Pope.
9:19 of 2nd period - Goal by David Pope - Diables : 3 - Gangsters : 3.
9:20 of 2nd period - Max Domi wins face-off versus Kevin Roy in neutral zone.
9:45 of 2nd period - Brock McGinn is hit by Brett Ponich and loses puck.
9:52 of 2nd period - Snap shot by Devante Smith-Pelly.
9:52 of 2nd period - Stopped by Mark Visentin with a rebound.
9:54 of 2nd period - Slapshot by Devante Smith-Pelly.
9:54 of 2nd period - Shot Misses the Net.
9:56 of 2nd period - Slapshot by Jonas Brodin.
9:56 of 2nd period - Shot Misses the Net.
10:16 of 2nd period - Slapshot by Daniel Zaar.
10:16 of 2nd period - Stopped by Dustin Tokarski with a rebound.
10:32 of 2nd period - Wrist shot by Stefan Noesen.
10:32 of 2nd period - Shot Misses the Net.
10:34 of 2nd period - Slapshot by Matt Delahey.
10:34 of 2nd period - Stopped by Mark Visentin with a rebound.
10:50 of 2nd period - Derrick Pouliot is hit by Max Domi and loses puck.
10:55 of 2nd period - Snap shot by Darroll Powe.
10:55 of 2nd period - Stopped by Dustin Tokarski with a rebound.
11:01 of 2nd period - Slapshot by Max Domi.
11:01 of 2nd period - Shot Blocked by Devante Smith-Pelly.
11:25 of 2nd period - Chris Bigras is hit by Devante Smith-Pelly and loses puck.
11:44 of 2nd period - Snap shot by Richard Panik.
11:44 of 2nd period - Shot Misses the Net.
12:02 of 2nd period - C.J Suess is hit by Richard Panik and loses puck.
12:42 of 2nd period - Daniel Zaar is hit by Jonas Brodin and loses puck.
13:01 of 2nd period - Alex Tuch is hit by Samuel Blais.
13:09 of 2nd period - Slapshot by Brock McGinn.
13:09 of 2nd period - Deflect By Samuel Blais.
13:09 of 2nd period - Shot Misses the Net.
13:09 of 2nd period - Puck is out of play.
13:10 of 2nd period - Jake Marchment wins face-off versus Pavel Buchnevich in Gangsters zone.
13:16 of 2nd period - Icing by Will Butcher.
13:17 of 2nd period - Kevin Roy wins face-off versus Darroll Powe in Diables zone.
14:30 of 2nd period - Wrist shot by Richard Panik.
14:30 of 2nd period - Shot Misses the Net.
14:32 of 2nd period - Backhand shot by Richard Panik.
14:32 of 2nd period - Shot Blocked by Marc-André Bourdon.
14:34 of 2nd period - Wrist shot by Matt Delahey.
14:34 of 2nd period - Stopped by Mark Visentin with a rebound.
14:46 of 2nd period - Phillip Danault is hit by Mikko Lehtonen and loses puck.
15:01 of 2nd period - Snap shot by Alex Tuch.
15:01 of 2nd period - Shot Misses the Net.
15:08 of 2nd period - Minor Penalty to Brock McGinn for Holding.
15:09 of 2nd period - Kevin Roy wins face-off versus Frederik Gauthier in Diables zone.
15:10 of 2nd period - Wrist shot by Richard Panik.
15:10 of 2nd period - Stopped by Mark Visentin with a rebound.
15:12 of 2nd period - Wrist shot by Richard Panik.
15:12 of 2nd period - Shot Misses the Net.
15:14 of 2nd period - Slapshot by Richard Panik.
15:14 of 2nd period - Deflect By Kevin Roy.
15:14 of 2nd period - Shot Misses the Net.
15:14 of 2nd period - Puck is out of play.
15:15 of 2nd period - Kevin Roy wins face-off versus Frederik Gauthier in Diables zone.
15:18 of 2nd period - Backhand shot by Richard Panik.
15:18 of 2nd period - Stopped by Mark Visentin with a rebound.
15:20 of 2nd period - Slapshot by Brett Ponich.
15:20 of 2nd period - Shot Misses the Net.
15:22 of 2nd period - Slapshot by Kevin Roy.
15:22 of 2nd period - Goal by Kevin Roy - Diables : 3 - Gangsters : 4.
15:23 of 2nd period - Pavel Buchnevich wins face-off versus Kevin Roy in neutral zone.
15:28 of 2nd period - Richard Panik is hit by Pavel Buchnevich and loses puck.
15:48 of 2nd period - Phillip Danault is hit by Will Butcher and loses puck.
16:35 of 2nd period - Jonas Brodin is hit by Mark Jankowski and loses puck.
16:56 of 2nd period - Snap shot by Max Domi.
16:56 of 2nd period - Stopped by Dustin Tokarski without a rebound.
16:57 of 2nd period - Adam Lowry wins face-off versus Frederik Gauthier in Gangsters zone.
16:57 of 2nd period - Adam Lowry is hit by Carl Gunnarsson.
17:24 of 2nd period - Minor Penalty to Brock McGinn for Hooking.
17:25 of 2nd period - Kevin Roy wins face-off versus Frederik Gauthier in Diables zone.
18:59 of 2nd period - Brett Ponich is hit by Carl Gunnarsson and loses puck.
19:24 of 2nd period - Penalty to Brock McGinn is over, Brock McGinn is back on ice.
19:38 of 2nd period - Frederik Gauthier is hit by Jonas Brodin and loses puck.
19:56 of 2nd period - Eric Gustafsson is hit by Samuel Blais and loses puck.
Goals for this period are 1 for Diables vs 2 for Gangsters.
Shots for this period are 7 for Diables vs 10 for Gangsters.
3rd period
0:01 of 3rd period - Darroll Powe wins face-off versus Kevin Roy in neutral zone.
0:45 of 3rd period - Backhand shot by Richard Panik.
0:45 of 3rd period - Stopped by Mark Visentin without a rebound.
0:46 of 3rd period - Adam Lowry wins face-off versus Darroll Powe in Diables zone.
1:01 of 3rd period - Slapshot by Devante Smith-Pelly.
1:01 of 3rd period - Goal by Devante Smith-Pelly - Diables : 3 - Gangsters : 5.
1:02 of 3rd period - Darroll Powe wins face-off versus Kevin Roy in neutral zone.
1:06 of 3rd period - Off-side.
1:07 of 3rd period - Kevin Roy wins face-off versus Darroll Powe in neutral zone.
1:14 of 3rd period - Slapshot by Will Butcher.
1:14 of 3rd period - Shot Blocked by Matt Delahey.
1:54 of 3rd period - Stefan Noesen is hit by Mike Zigomanis and loses puck.
2:08 of 3rd period - Icing by Morgan Ellis.
2:09 of 3rd period - Darroll Powe wins face-off versus Jake Marchment in Gangsters zone.
2:10 of 3rd period - Backhand shot by Max Domi.
2:10 of 3rd period - Deflect By Darroll Powe.
2:10 of 3rd period - Stopped by Dustin Tokarski without a rebound.
2:11 of 3rd period - Kevin Roy wins face-off versus Max Domi in Gangsters zone.
2:27 of 3rd period - Slapshot by Richard Panik.
2:27 of 3rd period - Stopped by Mark Visentin without a rebound.
2:28 of 3rd period - Frederik Gauthier wins face-off versus Adam Lowry in Diables zone.
2:41 of 3rd period - Wrist shot by Frederik Gauthier.
2:41 of 3rd period - Stopped by Dustin Tokarski with a rebound.
2:43 of 3rd period - Wrist shot by Alex Tuch.
2:43 of 3rd period - Shot Misses the Net.
2:53 of 3rd period - Pavel Buchnevich is hit by Richard Panik and loses puck.
3:01 of 3rd period - Slapshot by Will Butcher.
3:01 of 3rd period - Deflect By Pavel Buchnevich.
3:01 of 3rd period - Shot Misses the Net.
3:01 of 3rd period - Puck is out of play.
3:02 of 3rd period - Frederik Gauthier wins face-off versus Kevin Roy in Gangsters zone.
3:03 of 3rd period - Snap shot by Brock McGinn.
3:03 of 3rd period - Shot Misses the Net.
3:05 of 3rd period - Slapshot by Will Butcher.
3:05 of 3rd period - Stopped by Dustin Tokarski without a rebound.
3:06 of 3rd period - Kevin Roy wins face-off versus Brock McGinn in Gangsters zone.
3:11 of 3rd period - Snap shot by Jonas Brodin.
3:11 of 3rd period - Stopped by Mark Visentin with a rebound.
3:19 of 3rd period - Slapshot by Will Butcher.
3:19 of 3rd period - Shot Blocked by Morgan Ellis.
3:21 of 3rd period - Wrist shot by Brock McGinn.
3:21 of 3rd period - Goal by Brock McGinn - Diables : 4 - Gangsters : 5.
3:22 of 3rd period - Kevin Roy wins face-off versus Darroll Powe in neutral zone.
3:24 of 3rd period - Minor Penalty to Matt Delahey for Slashing.
3:25 of 3rd period - Mike Zigomanis wins face-off versus Richard Panik in Gangsters zone.
3:27 of 3rd period - Snap shot by Brock McGinn.
3:27 of 3rd period - Stopped by Dustin Tokarski with a rebound.
3:29 of 3rd period - Slapshot by Brock McGinn.
3:29 of 3rd period - Shot Blocked by Richard Panik.
3:31 of 3rd period - Slapshot by Will Butcher.
3:31 of 3rd period - Shot Misses the Net.
3:33 of 3rd period - Wrist shot by Alex Tuch.
3:33 of 3rd period - Goal by Alex Tuch - Diables : 5 - Gangsters : 5.
3:34 of 3rd period - Darroll Powe wins face-off versus Kevin Roy in neutral zone.
3:37 of 3rd period - Snap shot by Darroll Powe.
3:37 of 3rd period - Stopped by Dustin Tokarski with a rebound.
3:46 of 3rd period - Off-side.
3:47 of 3rd period - Darroll Powe wins face-off versus Kevin Roy in neutral zone.
4:00 of 3rd period - Snap shot by Pavel Buchnevich.
4:00 of 3rd period - Shot Misses the Net.
5:12 of 3rd period - Snap shot by Richard Panik.
5:12 of 3rd period - Deflect By David Pope.
5:12 of 3rd period - Stopped by Mark Visentin without a rebound.
5:13 of 3rd period - Darroll Powe wins face-off versus Kevin Roy in Diables zone.
5:13 of 3rd period - Darroll Powe is hit by Richard Panik.
5:19 of 3rd period - Snap shot by Pavel Buchnevich.
5:19 of 3rd period - Shot Misses the Net.
5:41 of 3rd period - Slapshot by Will Butcher.
5:41 of 3rd period - Stopped by Dustin Tokarski with a rebound.
5:43 of 3rd period - Wrist shot by Brock McGinn.
5:43 of 3rd period - Stopped by Dustin Tokarski with a rebound.
5:45 of 3rd period - Snap shot by Frederik Gauthier.
5:45 of 3rd period - Goal by Frederik Gauthier - Diables : 6 - Gangsters : 5.
5:46 of 3rd period - Darroll Powe wins face-off versus Kevin Roy in neutral zone.
5:57 of 3rd period - Slapshot by Darroll Powe.
5:57 of 3rd period - Shot Misses the Net.
5:59 of 3rd period - Wrist shot by Pavel Buchnevich.
5:59 of 3rd period - Stopped by Dustin Tokarski with a rebound.
6:01 of 3rd period - Slapshot by Carl Gunnarsson.
6:01 of 3rd period - Stopped by Dustin Tokarski without a rebound.
6:02 of 3rd period - Frederik Gauthier wins face-off versus Adam Lowry in Gangsters zone.
6:27 of 3rd period - Pavel Buchnevich is hit by Kevin Roy and loses puck.
6:50 of 3rd period - Slapshot by Will Butcher.
6:50 of 3rd period - Shot Misses the Net.
6:52 of 3rd period - Snap shot by Daniel Zaar.
6:52 of 3rd period - Shot Misses the Net.
6:54 of 3rd period - Snap shot by Daniel Zaar.
6:54 of 3rd period - Shot Blocked by Stefan Noesen.
6:56 of 3rd period - Snap shot by Daniel Zaar.
6:56 of 3rd period - Stopped by Dustin Tokarski without a rebound.
6:57 of 3rd period - Adam Lowry wins face-off versus Frederik Gauthier in Gangsters zone.
7:02 of 3rd period - Brett Ponich is hit by Brock McGinn and loses puck.
7:11 of 3rd period - Phillip Danault is hit by Brock McGinn and loses puck.
7:30 of 3rd period - Wrist shot by Richard Panik.
7:30 of 3rd period - Shot Misses the Net.
8:08 of 3rd period - Wrist shot by David Pope.
8:08 of 3rd period - Shot Misses the Net.
8:10 of 3rd period - Snap shot by Kevin Roy.
8:10 of 3rd period - Shot Misses the Net.
8:12 of 3rd period - Slapshot by David Pope.
8:12 of 3rd period - Stopped by Mark Visentin with a rebound.
8:14 of 3rd period - Slapshot by Jonas Brodin.
8:14 of 3rd period - Stopped by Mark Visentin with a rebound.
8:18 of 3rd period - Wrist shot by David Pope.
8:18 of 3rd period - Goal by David Pope - Diables : 6 - Gangsters : 6.
8:19 of 3rd period - Adam Lowry wins face-off versus Darroll Powe in neutral zone.
8:19 of 3rd period - Adam Lowry is hit by Will Butcher.
8:23 of 3rd period - Snap shot by Devante Smith-Pelly.
8:23 of 3rd period - Stopped by Mark Visentin with a rebound.
8:25 of 3rd period - Wrist shot by Phillip Danault.
8:25 of 3rd period - Goal by Phillip Danault - Diables : 6 - Gangsters : 7.
8:26 of 3rd period - Darroll Powe wins face-off versus Kevin Roy in neutral zone.
8:38 of 3rd period - Icing by David Pope.
8:39 of 3rd period - Kevin Roy wins face-off versus Darroll Powe in Gangsters zone.
8:43 of 3rd period - Off-side.
8:44 of 3rd period - Darroll Powe wins face-off versus Kevin Roy in neutral zone.
9:09 of 3rd period - Pavel Buchnevich is hit by Matt Delahey and loses puck.
9:14 of 3rd period - Wrist shot by Samuel Blais.
9:14 of 3rd period - Deflect By Jake Marchment.
9:14 of 3rd period - Stopped by Mark Visentin without a rebound.
9:15 of 3rd period - Frederik Gauthier wins face-off versus Jake Marchment in Diables zone.
9:28 of 3rd period - Snap shot by Will Butcher.
9:28 of 3rd period - Stopped by Dustin Tokarski without a rebound.
9:29 of 3rd period - Pavel Buchnevich wins face-off versus Kevin Roy in Gangsters zone.
9:39 of 3rd period - Minor Penalty to Richard Panik for Close Hand On Puck.
9:40 of 3rd period - Mike Zigomanis wins face-off versus Samuel Blais in Gangsters zone.
9:42 of 3rd period - Wrist shot by Mike Zigomanis.
9:42 of 3rd period - Shot Misses the Net.
9:44 of 3rd period - Wrist shot by Alex Tuch.
9:44 of 3rd period - Stopped by Dustin Tokarski with a rebound.
9:46 of 3rd period - Snap shot by Will Butcher.
9:46 of 3rd period - Shot Misses the Net.
9:48 of 3rd period - Slapshot by Will Butcher.
9:48 of 3rd period - Stopped by Dustin Tokarski without a rebound.
9:49 of 3rd period - Samuel Blais wins face-off versus Mike Zigomanis in Gangsters zone.
10:24 of 3rd period - Snap shot by Brock McGinn.
10:24 of 3rd period - Shot Blocked by Samuel Blais.
10:36 of 3rd period - Slapshot by Jonas Brodin.
10:36 of 3rd period - Shot Misses the Net.
11:02 of 3rd period - Jonas Brodin is hit by Max Domi and loses puck.
11:39 of 3rd period - Penalty to Richard Panik is over, Richard Panik is back on ice.
12:08 of 3rd period - Marc-André Bourdon is hit by Stefan Noesen and loses puck.
12:47 of 3rd period - Eric Gustafsson is hit by David Pope and loses puck.
13:58 of 3rd period - Julius Vahatalo is hit by C.J Suess and loses puck.
14:48 of 3rd period - Icing by Adam Lowry.
14:49 of 3rd period - Mark Jankowski wins face-off versus Adam Lowry in Gangsters zone.
14:58 of 3rd period - Snap shot by Devante Smith-Pelly.
14:58 of 3rd period - Goal by Devante Smith-Pelly - Diables : 6 - Gangsters : 8.
14:59 of 3rd period - Darroll Powe wins face-off versus Kevin Roy in neutral zone.
15:04 of 3rd period - Slapshot by Pavel Buchnevich.
15:04 of 3rd period - Shot Blocked by Matt Delahey.
16:11 of 3rd period - Ryan Culkin is hit by Darroll Powe and loses puck.
16:19 of 3rd period - Icing by Derrick Pouliot.
16:20 of 3rd period - Jake Marchment wins face-off versus Mike Zigomanis in Gangsters zone.
16:20 of 3rd period - Jake Marchment is hit by Will Butcher.
16:32 of 3rd period - Wrist shot by Brandon Prust.
16:32 of 3rd period - Shot Misses the Net.
16:34 of 3rd period - Wrist shot by Brandon Prust.
16:34 of 3rd period - Stopped by Dustin Tokarski with a rebound.
16:36 of 3rd period - Snap shot by Mike Zigomanis.
16:36 of 3rd period - Stopped by Dustin Tokarski with a rebound.
16:50 of 3rd period - Will Butcher is hit by Derrick Pouliot.
16:56 of 3rd period - Wrist shot by Richard Panik.
16:56 of 3rd period - Shot Misses the Net.
16:58 of 3rd period - Snap shot by Richard Panik.
16:58 of 3rd period - Stopped by Mark Visentin with a rebound.
17:10 of 3rd period - Wrist shot by Mark Jankowski.
17:10 of 3rd period - Shot Blocked by Phillip Danault.
17:12 of 3rd period - Snap shot by Carl Gunnarsson.
17:12 of 3rd period - Shot Misses the Net.
17:14 of 3rd period - Wrist shot by Mikko Lehtonen.
17:14 of 3rd period - Deflect By Mark Jankowski.
17:14 of 3rd period - Stopped by Dustin Tokarski without a rebound.
17:15 of 3rd period - Mark Jankowski wins face-off versus Kevin Roy in Gangsters zone.
17:16 of 3rd period - Wrist shot by Mikko Lehtonen.
17:16 of 3rd period - Stopped by Dustin Tokarski with a rebound.
17:18 of 3rd period - Minor Penalty to David Pope for Holding.
17:19 of 3rd period - Mike Zigomanis wins face-off versus Richard Panik in Gangsters zone.
17:26 of 3rd period - Snap shot by Brock McGinn.
17:26 of 3rd period - Shot Misses the Net.
17:40 of 3rd period - Carl Gunnarsson is hit by Brett Ponich.
18:02 of 3rd period - Nikita Zadorov is hit by Devante Smith-Pelly and loses puck.
19:09 of 3rd period - Wrist shot by Phillip Danault.
19:09 of 3rd period - Shot Misses the Net.
19:15 of 3rd period - Alex Tuch is hit by Morgan Ellis.
19:18 of 3rd period - Penalty to David Pope is over, David Pope is back on ice.
19:25 of 3rd period - Kevin Roy is hit by Mikko Lehtonen and loses puck.
Goals for this period are 3 for Diables vs 4 for Gangsters.
Shots for this period are 20 for Diables vs 13 for Gangsters.
Back to the Top